3L
CLEVELAND BROWNS @ PANAMA CITY PIRANHAS
09/24/2039
 
TOP OF THE 1ST
Cleveland Browns batting - Pitching for Panama City Piranhas : RHP Jason MacGruder
Pitching: RHP Jason MacGruder
Batting: LHB Danny Rodríguez 0-0: Ball
1-0: Called Strike
1-1: Ball
2-1: Called Strike
2-2: Ball
3-2: Fly out, F7 (Flyball, 7D, EV 103.1 MPH)
Batting: LHB León Castillo 0-0: Ground out 1-3 (Groundball, 34S, EV 83.1 MPH)
Batting: LHB Sadatake Abe 0-0: Ground out 6-3 (Groundball, 56, EV 84.4 MPH)
Top of the 1st over - 0 runs, 0 hits, 0 errors, 0 left on base; Cleveland 0 - Panama City 0
BOTTOM OF THE 1ST
Panama City Piranhas batting - Pitching for Cleveland Browns : RHP Jay Cannon
Pitching: RHP Jay Cannon
Batting: RHB Brant Thigpen 0-0: Foul Ball, location: 2F
0-1: Ball
1-1: Swinging Strike
1-2: Foul Ball, location: 2F
1-2: Ball
2-2: Foul Ball, location: 2F
2-2: Ball
3-2: Base on Balls
Batting: RHB Kieran Hansen 0-0: Ball
1-0: Foul Ball, location: 2F
1-1: Ball
2-1: DOUBLE (Line Drive, 7LM, EV 98.1 MPH)
Brant Thigpen to third
Runner from 3rd tries for Home, SAFE, throw by LF to trailing runner, SAFE at third!
Batting: RHB António Mendoza 0-0: Called Strike
0-1: Ball
1-1: Ball
2-1: 2-RUN HOME RUN (Flyball, 7D, EV 110.0 MPH), Distance : 354 ft
Batting: SHB Ben Boston 0-0: Foul Ball, location: 2F
0-1: Ball
1-1: Fly out, F9 (Flyball, 9, EV 90.6 MPH)
Batting: LHB José Ocasio 0-0: Swinging Strike
0-1: Fly out, F8 (Flyball, 89D, EV 88.8 MPH)
Batting: RHB Craig Tricket 0-0: Ball
1-0: Ground out 6-3 (Groundball, 6, EV 96.9 MPH)
Bottom of the 1st over - 3 runs, 2 hits, 0 errors, 0 left on base; Cleveland 0 - Panama City 3
TOP OF THE 2ND
Cleveland Browns batting - Pitching for Panama City Piranhas : RHP Jason MacGruder
Batting: LHB Surender Nada 0-0: Ball
1-0: Ball
2-0: SINGLE (Flyball, 7S, EV 85.6 MPH)
Batting: RHB Katsuhiko Ishihara 0-0: Ball
1-0: SINGLE (Groundball, 56D, EV 95.0 MPH)
Surender Nada to second
Batting: LHB Lauren Hilfiker 0-0: Ball
1-0: Called Strike
1-1: SINGLE (Flyball, 89S, EV 93.1 MPH)
Surender Nada to third
Katsuhiko Ishihara to second
Batting: RHB Tom Camden 0-0: Ball
1-0: Called Strike
1-1: Foul Ball, location: 2F
1-2: GRAND SLAM HOME RUN (Line Drive, 78XD, EV 101.2 MPH), Distance : 458 ft
Batting: RHB José Carlos Pérez 0-0: Called Strike
0-1: SOLO HOME RUN (Flyball, 7LD, EV 107.5 MPH), Distance : 339 ft
Batting: LHB Luis Aranda 0-0: Ball
1-0: Fly out, F8 (Flyball, 78S, EV 86.2 MPH)
Batting: LHB Danny Rodríguez 0-0: Ball
1-0: Swinging Strike
1-1: Foul Ball, location: 2F
1-2: SINGLE (Flyball, 7LS, EV 85.0 MPH)
Batting: LHB León Castillo 0-0: Ball
1-0: Ball
2-0: TRIPLE (Flyball, 89XD, EV 105.0 MPH)
Danny Rodríguez scores
Pitching: LHP Todd Serrano
Batting: LHB Sadatake Abe 0-0: Called Strike
0-1: Ball
1-1: Fly out, F7 (Flyball, 7S, EV 88.1 MPH)
Batting: LHB Surender Nada 0-0: Called Strike
0-1: Ball
1-1: Ball
2-1: Fly out, F5 (Line Drive, 5, EV 70.0 MPH)
Top of the 2nd over - 6 runs, 7 hits, 0 errors, 1 left on base; Cleveland 6 - Panama City 3
BOTTOM OF THE 2ND
Panama City Piranhas batting - Pitching for Cleveland Browns : RHP Jay Cannon
Batting: RHB Silvio Bonauiti 0-0: Ball
1-0: SINGLE (Groundball, 5S, EV 67.5 MPH) (infield hit)
Batting: LHB King Rutledge 0-0: Called Strike
0-1: Fly out, F8 (Flyball, 78M, EV 90.6 MPH)
Batting: RHB Chrysler Rodriguez 0-0: Ball
1-0: Ball
2-0: Ball
3-0: Called Strike
3-1: Base on Balls
Silvio Bonauiti to second
Batting: RHB Brant Thigpen 0-0: Called Strike
0-1: Ball
1-1: Ball
2-1: Called Strike
2-2: Ball
3-2: Fly out, F8 (Line Drive, 8LM, EV 86.2 MPH)
Batting: RHB Kieran Hansen 0-0: SINGLE (Groundball, 34D, EV 110.6 MPH)
Silvio Bonauiti to third
Chrysler Rodriguez to second
Runner from 3rd tries for Home, SAFE, throw by RF to home
Batting: RHB António Mendoza 0-0: Foul Ball, location: 2F
0-1: Called Strike
0-2: Foul Ball, location: 2F
0-2: Ball
1-2: Foul Ball, location: 2F
1-2: Strikes out swinging
Bottom of the 2nd over - 1 run, 2 hits, 0 errors, 2 left on base; Cleveland 6 - Panama City 4
TOP OF THE 3RD
Cleveland Browns batting - Pitching for Panama City Piranhas : LHP Todd Serrano
Batting: RHB Katsuhiko Ishihara 0-0: Ball
1-0: Ball
2-0: Ball
3-0: Called Strike
3-1: Base on Balls
Batting: LHB Lauren Hilfiker 0-0: Ball
1-0: DOUBLE (Flyball, 78XD, EV 95.6 MPH)
Katsuhiko Ishihara to third
Runner from 3rd tries for Home, SAFE, no throw by CF
Batting: RHB Tom Camden 0-0: Ball
1-0: Fly out, F9 (Flyball, 9LDF, EV 87.5 MPH)
Runner from 2nd tags up, SAFE at 3rd, no throw by RF
Batting: RHB José Carlos Pérez 0-0: Fly out, F7 (Flyball, 7LD, EV 98.1 MPH)
Runner from 3rd tags up, SCORES, no throw by LF
Batting: LHB Luis Aranda 0-0: Foul Ball, location: 2F
0-1: Ball
1-1: Ball
2-1: Ball
3-1: Called Strike
3-2: Foul Ball, location: 2F
3-2: Fly out, F7 (Flyball, 7, EV 90.0 MPH)
Top of the 3rd over - 2 runs, 1 hit, 0 errors, 0 left on base; Cleveland 8 - Panama City 4
BOTTOM OF THE 3RD
Panama City Piranhas batting - Pitching for Cleveland Browns : RHP Jay Cannon
Batting: SHB Ben Boston 0-0: Called Strike
0-1: Foul Ball, location: 2F
0-2: Ball
1-2: Ball
2-2: SINGLE (Line Drive, 89S, EV 97.5 MPH)
Batting: LHB José Ocasio 0-0: Ball
1-0: Called Strike
1-1: Called Strike
1-2: Ball
2-2: Foul Ball, location: 2F
2-2: Foul Ball, location: 2F
2-2: Ball
3-2: Strikes out swinging
Batting: RHB Craig Tricket 0-0: Called Strike
0-1: Called Strike
0-2: Ball
1-2: Ball
2-2: Foul Ball, location: 2F
2-2: Strikes out swinging
Batting: RHB Silvio Bonauiti 0-0: Ball
1-0: Foul Ball, location: 2F
1-1: Foul Ball, location: 2F
1-2: Fielders Choice at 2nd, 5-4 (Groundball, 5, EV 87.5 MPH)
Bottom of the 3rd over - 0 runs, 1 hit, 0 errors, 1 left on base; Cleveland 8 - Panama City 4
TOP OF THE 4TH
Cleveland Browns batting - Pitching for Panama City Piranhas : LHP Todd Serrano
Batting: LHB Danny Rodríguez 0-0: Swinging Strike
0-1: Ball
1-1: Foul Ball, location: 2F
1-2: Fly out, F8 (Flyball, 78D, EV 104.4 MPH)
Batting: LHB León Castillo 0-0: Called Strike
0-1: Foul Ball, location: 2F
0-2: Ball
1-2: Foul Ball, location: 2F
1-2: Ball
2-2: Foul Ball, location: 2F
2-2: Ball
3-2: Foul Ball, location: 2F
3-2: Base on Balls
Batting: LHB Sadatake Abe 0-0: Ball
Balk!
León Castillo to second
1-0: Ball
2-0: Ball
3-0: Called Strike
3-1: Base on Balls
Pitching: RHP Kenny Kawaguchi
Batting: LHB Surender Nada 0-0: Ball
León Castillo steals 3rd base
Sadatake Abe to second
1-0: Fly out, F7 (Flyball, 7, EV 88.1 MPH)
Batting: RHB Katsuhiko Ishihara 0-0: Foul Ball, location: 2F
0-1: SINGLE (Groundball, 6MD, EV 98.1 MPH)
León Castillo scores
Sadatake Abe to third
Runner from 3rd tries for Home, SAFE, throw by CF to home
Batting: LHB Lauren Hilfiker 0-0: DOUBLE (Groundball, 3L, EV 95.0 MPH)
Katsuhiko Ishihara to third
Batting: RHB Tom Camden 0-0: Called Strike
0-1: Ball
1-1: Foul Ball, location: 2F
1-2: Strikes out swinging
Top of the 4th over - 2 runs, 2 hits, 0 errors, 2 left on base; Cleveland 10 - Panama City 4
BOTTOM OF THE 4TH
Panama City Piranhas batting - Pitching for Cleveland Browns : RHP Jay Cannon
Batting: LHB King Rutledge 0-0: Ball
1-0: Foul Ball, location: 2F
1-1: Called Strike
1-2: Strikes out swinging
Batting: RHB Chrysler Rodriguez 0-0: Ball
1-0: Ball
2-0: Called Strike
2-1: Ball
3-1: Swinging Strike
3-2: SINGLE (Line Drive, 3D, EV 97.5 MPH)
Batting: RHB Brant Thigpen 0-0: Ball
1-0: Foul Ball, location: 2F
1-1: Ball
2-1: Ball
3-1: Foul Ball, location: 2F
3-2: Base on Balls
Chrysler Rodriguez to second
Batting: RHB Kieran Hansen 0-0: Called Strike
0-1: SINGLE (Groundball, 4MD, EV 95.6 MPH)
Chrysler Rodriguez to third
Brant Thigpen to second
Batting: RHB António Mendoza 0-0: Called Strike
0-1: Ball
1-1: Ball
2-1: Called Strike
2-2: Grounds into double play, 6-4-3 (Groundball, 6, EV 109.4 MPH)
Bottom of the 4th over - 0 runs, 2 hits, 0 errors, 2 left on base; Cleveland 10 - Panama City 4
TOP OF THE 5TH
Cleveland Browns batting - Pitching for Panama City Piranhas : RHP Kenny Kawaguchi
Batting: RHB José Carlos Pérez 0-0: Foul Ball, location: 2F
0-1: Ball
1-1: Ball
2-1: Foul Ball, location: 2F
2-2: Strikes out swinging
Batting: LHB Luis Aranda 0-0: Ball
1-0: Ball
2-0: Called Strike
2-1: Fly out, F5 (Popup, 5SF, EV 82.5 MPH)
Batting: LHB Danny Rodríguez 0-0: Called Strike
0-1: Ball
1-1: SINGLE (Groundball, 5D, EV 107.5 MPH)
Batting: LHB León Castillo 0-0: Ground out 4-3 (Groundball, 4, EV 108.1 MPH)
Top of the 5th over - 0 runs, 1 hit, 0 errors, 1 left on base; Cleveland 10 - Panama City 4
BOTTOM OF THE 5TH
Panama City Piranhas batting - Pitching for Cleveland Browns : RHP Jay Cannon
Batting: SHB Ben Boston 0-0: Foul Ball, location: 2F
0-1: Foul Ball, location: 2F
0-2: Ball
1-2: Ball
2-2: Foul Ball, location: 2F
2-2: Ball
3-2: Ground out 4-3 (Groundball, 4, EV 85.6 MPH)
Batting: LHB José Ocasio 0-0: Called Strike
0-1: Ball
1-1: Fly out, F7 (Flyball, 7LS, EV 78.1 MPH)
Batting: RHB Craig Tricket 0-0: Ball
1-0: Called Strike
1-1: Ground out 4-3 (Groundball, 4, EV 76.9 MPH)
Bottom of the 5th over - 0 runs, 0 hits, 0 errors, 0 left on base; Cleveland 10 - Panama City 4
TOP OF THE 6TH
Cleveland Browns batting - Pitching for Panama City Piranhas : RHP Kenny Kawaguchi
Batting: LHB Sadatake Abe 0-0: Ball
1-0: Foul Ball, location: 2F
1-1: Called Strike
1-2: Ball
2-2: Strikes out swinging
Batting: LHB Surender Nada 0-0: Called Strike
0-1: Ball
1-1: Fly out, F3 (Popup, 34, EV 68.1 MPH)
Batting: RHB Katsuhiko Ishihara 0-0: Ball
1-0: Ball
2-0: Ball
3-0: Base on Balls
Batting: LHB Lauren Hilfiker 0-0: Ball
1-0: Foul Ball, location: 2F
1-1: Ball
2-1: Swinging Strike
2-2: Ball
3-2: Foul Ball, location: 2F
3-2: SINGLE (Line Drive, 7S, EV 92.5 MPH)
Katsuhiko Ishihara to second
Katsuhiko Ishihara to third
Batting: RHB Tom Camden 0-0: Foul Ball, location: 2F
0-1: SINGLE (Line Drive, 78S, EV 100.6 MPH)
Katsuhiko Ishihara scores
Lauren Hilfiker to second
Batting: RHB José Carlos Pérez 0-0: Hit by Pitch
Lauren Hilfiker to third
Tom Camden to second
Batting: LHB Luis Aranda 0-0: Ball
1-0: Ball
2-0: SINGLE (Line Drive, 4D, EV 96.9 MPH)
Lauren Hilfiker scores
Tom Camden to third
José Carlos Pérez to second
Runner from 3rd tries for Home, SAFE, no throw by CF
Batting: LHB Danny Rodríguez 0-0: Ball
1-0: Foul Ball, location: 2F
1-1: Ball
2-1: SINGLE (Line Drive, 8LS, EV 102.5 MPH)
José Carlos Pérez to third
Luis Aranda to second
Runner from 3rd tries for Home, SAFE, no throw by CF
Batting: LHB León Castillo 0-0: Ball
1-0: Swinging Strike
1-1: SINGLE (Popup, 6MD, EV 61.2 MPH)
Luis Aranda to third
Danny Rodríguez to second
Runner from 3rd tries for Home, SAFE, throw by SS to home
Batting: LHB Sadatake Abe 0-0: DOUBLE (Flyball, 78D, EV 90.6 MPH)
Danny Rodríguez scores
León Castillo to third
Runner from 3rd tries for Home, SAFE, no throw by LF
Pitching: RHP Vadim Rajnev
Batting: LHB Surender Nada 0-0: Ball
1-0: Ground out 4-3 (Groundball, 4, EV 108.1 MPH)
Top of the 6th over - 7 runs, 6 hits, 0 errors, 1 left on base; Cleveland 17 - Panama City 4
BOTTOM OF THE 6TH
Panama City Piranhas batting - Pitching for Cleveland Browns : RHP Jay Cannon
Pitching: LHP Lawrence Lane
Batting: RHB Silvio Bonauiti 0-0: Called Strike
0-1: Ball
1-1: Ball
2-1: Foul Ball, location: 2F
2-2: Strikes out looking
Batting: LHB King Rutledge 0-0: Ball
1-0: Ball
2-0: Ball
3-0: Called Strike
3-1: Ground out 6-3 (Groundball, 6, EV 107.5 MPH)
Batting: RHB Chrysler Rodriguez 0-0: Foul Ball, location: 2F
0-1: Ball
1-1: Swinging Strike
1-2: SINGLE (Groundball, 34D, EV 95.6 MPH)
Batting: RHB Brant Thigpen 0-0: Foul Ball, location: 2F
0-1: Ball
1-1: Ball
2-1: Fly out, F2 (Popup, 2LF, EV 85.6 MPH)
Bottom of the 6th over - 0 runs, 1 hit, 0 errors, 1 left on base; Cleveland 17 - Panama City 4
TOP OF THE 7TH
Cleveland Browns batting - Pitching for Panama City Piranhas : RHP Vadim Rajnev
Batting: RHB Katsuhiko Ishihara 0-0: Swinging Strike
0-1: Fly out, F8 (Line Drive, 8RM, EV 92.5 MPH)
Batting: LHB Lauren Hilfiker 0-0: Ball
1-0: Ball
2-0: Ground out 1-3 (Groundball, 13, EV 82.5 MPH)
Pinch Hitting: SHB Esteban Piñeiro 0-0: Ball
1-0: Fly out, F6 (Popup, 6MD, EV 44.4 MPH)
Top of the 7th over - 0 runs, 0 hits, 0 errors, 0 left on base; Cleveland 17 - Panama City 4
BOTTOM OF THE 7TH
Panama City Piranhas batting - Pitching for Cleveland Browns : LHP Lawrence Lane
Now at 2B: Yu-shu Tseng
Batting: RHB Kieran Hansen 0-0: Called Strike
0-1: Called Strike
0-2: Ground out 4-3 (Groundball, 4, EV 105.0 MPH)
Batting: RHB António Mendoza 0-0: Ball
1-0: Called Strike
1-1: Foul Ball, location: 2F
1-2: Foul Ball, location: 2F
1-2: Fly out, F5 (Line Drive, 5, EV 66.9 MPH)
Batting: SHB Ben Boston 0-0: Ball
1-0: Swinging Strike
1-1: Swinging Strike
1-2: Strikes out looking
Bottom of the 7th over - 0 runs, 0 hits, 0 errors, 0 left on base; Cleveland 17 - Panama City 4
TOP OF THE 8TH
Cleveland Browns batting - Pitching for Panama City Piranhas : RHP Vadim Rajnev
Batting: RHB José Carlos Pérez 0-0: Ball
1-0: Ball
2-0: Ball
3-0: Base on Balls
Batting: LHB Luis Aranda 0-0: Ball
1-0: Called Strike
1-1: Fielders Choice at 2nd, 2-6 (Groundball, 13S, EV 73.8 MPH)
Batting: LHB Danny Rodríguez 0-0: Called Strike
0-1: Fielders Choice at 2nd, 1-6 (Groundball, P, EV 89.4 MPH)
Batting: LHB León Castillo 0-0: Ball
1-0: Ball
2-0: Foul Ball, location: 2F
2-1: Fly out, F8 (Flyball, 8RD, EV 95.0 MPH)
Top of the 8th over - 0 runs, 0 hits, 0 errors, 1 left on base; Cleveland 17 - Panama City 4
BOTTOM OF THE 8TH
Panama City Piranhas batting - Pitching for Cleveland Browns : LHP Lawrence Lane
Pitching: RHP Jeff Merritt
Batting: LHB José Ocasio 0-0: Ball
1-0: Ball
2-0: Ball
3-0: Called Strike
3-1: Called Strike
3-2: Base on Balls
Batting: RHB Craig Tricket 0-0: Ball
Wild Pitch!
José Ocasio to second
1-0: Called Strike
1-1: Called Strike
1-2: Ball
2-2: Ground out 6-3 (Groundball, 6, EV 85.0 MPH)
Batting: RHB Silvio Bonauiti 0-0: Ball
1-0: Foul Ball, location: 2F
1-1: Fly out, F6 (Flyball, 56D, EV 75.0 MPH)
Batting: LHB King Rutledge 0-0: Ball
1-0: Fly out, F3 (Line Drive, 3, EV 73.8 MPH)
Bottom of the 8th over - 0 runs, 0 hits, 0 errors, 1 left on base; Cleveland 17 - Panama City 4
TOP OF THE 9TH
Cleveland Browns batting - Pitching for Panama City Piranhas : RHP Vadim Rajnev
Pitching: RHP Marvin Sidebottom
Pinch Hitting: LHB Pedro Gutiérrez 0-0: Called Strike
0-1: Ground out U3 (Groundball, 34, EV 110.0 MPH)
Batting: LHB Surender Nada 0-0: Called Strike
0-1: Ball
1-1: Ball
2-1: Called Strike
2-2: Foul Ball, location: 2F
2-2: Ball
3-2: SINGLE (Flyball, 8RS, EV 81.2 MPH)
Batting: RHB Katsuhiko Ishihara 0-0: Foul Ball, location: 2F
0-1: Ball
1-1: Ball
2-1: Ball
3-1: Swinging Strike
3-2: Foul Ball, location: 2F
3-2: Fly out, F8 (Flyball, 8LM, EV 89.4 MPH)
Batting: LHB Lauren Hilfiker 0-0: Ball
1-0: Ball
2-0: Ball
3-0: Base on Balls
Surender Nada to second
Batting: RHB Yu-shu Tseng 0-0: Ball
1-0: Fly out, F3 (Popup, 3SF, EV 66.9 MPH)
Top of the 9th over - 0 runs, 1 hit, 0 errors, 2 left on base; Cleveland 17 - Panama City 4
BOTTOM OF THE 9TH
Panama City Piranhas batting - Pitching for Cleveland Browns : RHP Jeff Merritt
Now in RF: Pedro Gutiérrez
Batting: RHB Chrysler Rodriguez 0-0: Ball
1-0: Ball
2-0: Called Strike
2-1: Foul Ball, location: 2F
2-2: Strikes out looking
Batting: RHB Brant Thigpen 0-0: Called Strike
0-1: Foul Ball, location: 2F
0-2: Foul Ball, location: 2F
0-2: Strikes out looking
Batting: RHB Kieran Hansen 0-0: Ball
1-0: Ground out 6-3 (Groundball, 56, EV 82.5 MPH)
Bottom of the 9th over - 0 runs, 0 hits, 0 errors, 0 left on base; Cleveland 17 - Panama City 4
Wednesday, July 8th, 2020 - OOTP Baseball 20.8 Build 74